 Dungeon Crawl Stone Soup version 0.30.1-3-gfc49f6343a (webtiles) character file.

Game seed: 757308140117770709

45577 Wiggles the Executioner (level 14, -2/103 HPs)
             Began as a Minotaur Berserker on Aug 3, 2023.
             Was a High Priest of Trog.
             Slain by a soul eater (10 damage)
             ... summoned by an orc sorcerer
             ... on level 2 of the Orcish Mines.
             The game lasted 00:29:41 (17008 turns).

Wiggles the Executioner (Minotaur Berserker)       Turns: 17008, Time: 00:29:42

Health: -2/103     AC: 21    Str: 32    XL:     14   Next: 1%
Magic:  13/13      EV: 11    Int:  4    God:    Trog [*****.]
Gold:   2044       SH:  0    Dex: 13    Spells: 13/13 levels left

rFire   . . .        R - +7 battleaxe (heavy)
rCold   . . .        (shield currently unavailable)
rNeg    . . .        s - +5 ring mail {rPois}
rPois   +            F - +1 hat
rElec   .            C - +0 cloak
rCorr   .            A - +1 pair of gloves
SInv    .            l - +2 pair of boots
Will    +....        (no amulet)
Stlth   +++          M - +4 ring of protection
HPRegen 0.37/turn    P - ring "Lill" {rPois Str+5 Dex+3}
MPRegen 0.13/turn

%: no passive effects
@: on berserk cooldown, slowed, very slow
A: horns 2, retaliatory headbutt
a: Renounce Religion, Berserk, Trog's Hand, Brothers in Arms


You were on level 2 of the Orcish Mines.
You worshipped Trog.
Trog was extremely pleased with you.
You visited 3 branches of the dungeon, and saw 19 of its levels.
You also visited: Ossuary.

You collected 2044 gold pieces.

Inventory:

Hand Weapons
 R - a +7 heavy battleaxe (weapon)
Missiles
 I - 5 throwing nets (quivered)
Armour
 l - a +2 pair of boots (worn)
 s - a +5 ring mail of poison resistance (worn)
 A - a +1 pair of gloves (worn)
 C - a +0 cloak (worn)
 F - a +1 hat (worn)
Jewellery
 a - a +4 ring of protection
 h - a ring of willpower
 r - a +6 ring of intelligence
 v - a +4 ring of protection
 E - a +6 ring of intelligence
 H - a ring of protection from fire
 M - a +4 ring of protection (left hand)
 P - the ring "Lill" (right hand) {rPois Str+5 Dex+3}
   (You found it on level 5 of the Lair of Beasts)

   [ring of poison resistance]

   Str:       It affects your strength (+5).
   Dex:       It affects your dexterity (+3).
   rPois:     It protects you from poison.
 U - a ring of willpower
Wands
 k - a wand of flame (39)
 q - a wand of light (12)
 x - a wand of mindburst (12)
 z - a wand of paralysis (13)
 D - a wand of digging (9)
 G - a wand of iceblast (38)
 K - a wand of polymorph (1)
Scrolls
 c - 2 scrolls of fog
 d - 5 scrolls of teleportation
 i - a scroll of vulnerability
 n - 2 scrolls of magic mapping
 p - a scroll of brand weapon
 u - 3 scrolls of blinking
 y - 4 scrolls of poison
 S - 2 scrolls of identify
 V - a scroll of silence
Potions
 b - 2 potions of might
 e - 4 potions of flight
 f - 14 potions of curing
 j - 2 potions of berserk rage
 m - 4 potions of heal wounds
 o - 3 potions of ambrosia
 t - 7 potions of mutation
 w - 9 potions of haste
 J - 2 potions of resistance
 L - 3 potions of attraction
 N - a potion of magic
 O - 8 potions of lignification
 Q - 3 potions of brilliance
 T - a potion of invisibility
Miscellaneous
 g - a lightning rod (4/4)
 B - a piece from Xom's chessboard (15/15)


   Skills:
 + Level 3.8 Fighting
 + Level 26.3 Axes
 + Level 2.6 Armour
 - Level 2.1 Dodging
 - Level 6.5 Stealth
 - Level 1.3 Evocations


You had 13 spell levels left.
You didn't know any spells.
Your spell library was empty.

Dungeon Overview and Level Annotations

Branches:
Dungeon (12/15)            Temple (0/1) D:7            Lair (5/5) D:10
 Shoals (0/4) Lair:3        Snake (0/4) Lair:3        Slime (0/5) Lair:4
    Orc (2/2) D:9         Ossuary (visited)
    Elf: Orc:2

Altars:
Ashenzari
Fedhas
Hepliaklqana
Makhleb
Okawaru
Ru
Sif Muna
Trog
Zin
The Shining One

Portals:
Trove: D:11 (give +4 shadow dragon scales)


Innate Abilities, Weirdness & Mutations

You have a pair of horns on your head.
You reflexively headbutt those who attack you in melee.


Message History

Trog accepts your kill.
Trog appreciates your killing of a magic user.
The orc sorcerer gestures at you while chanting.
You suddenly lose the ability to move!
The orc warrior hits you from afar with a +0 glaive!
The orc warrior hits you from afar with a +0 glaive.
The soul eater draws from the surrounding life force!
The orc sorcerer hits you with a +0 dagger.
You are no longer berserk.
You feel yourself slow down.
The orc warrior hits you but does no damage.
The soul eater draws from the surrounding life force!
The orc sorcerer hits you but does no damage.
The orc warrior suddenly jeers.
The orc warrior hits you from afar with a +0 glaive.
The soul eater draws from the surrounding life force!
The orc sorcerer points at you and mumbles some strange words.
The bolt of fire hits you.
The orc warrior hits you from afar with a +0 glaive.
The orc sorcerer hits you with a +0 dagger.
* * * LOW HITPOINT WARNING * * *
You can move again.
Things that are here:
a +0 dagger; a +0 robe The orc warrior hits you with a +0 glaive!
* * * LOW HITPOINT WARNING * * *
The orc sorcerer misses you. You furiously retaliate!
You headbutt the orc sorcerer! You closely miss the orc warrior.
You slash the soul eater! You hit the orc sorcerer.
The orc warrior hits you with a +0 glaive.
* * * LOW HITPOINT WARNING * * *
The soul eater hits you but does no damage.
The orc sorcerer barely misses you.
The orc warrior hits you with a +0 glaive.
* * * LOW HITPOINT WARNING * * *
The orc sorcerer hits you with a +0 dagger.
* * * LOW HITPOINT WARNING * * *
The soul eater hits you!
You die...

#..##.#.....##.....#.#.#
#..........#.##.......#
#.#.....<....)....#..# .
#....................#
..##........##....#....#.
...#........##...........
.........................
..#.....3.......#.......
#.#...)@o...#..3.#....#.
.......#o#..#.#.......#
................o.....
..................
...............#..
...........)....#.
..................
.................P
.................


You could see a soul eater (summoned), an orc sorcerer and an orc warrior.

Vanquished Creatures
  4 hydras (Lair:5)
  3 two-headed ogres
  A boulder beetle (D:12)
  6 death yaks (Lair:5)
  Urug (Orc:1)
  A skeletal warrior (D:12)
  An orc sorcerer (Orc:2)
  2 cyclopes
  A manticore (D:12)
  5 black mambas
  A torpor snail (Lair:4)
  19 elephants
  8 cane toads
  An unseen horror (D:12)
  5 komodo dragons
  2 guardian mummies (D:11)
  2 polar bears (Lair:5)
  8 blink frogs
  A snapping turtle (Lair:3)
  3 slime creatures (D:12)
  38 yaks
  2 shadows
  2 wyverns
  Grum (D:9)
  5 wraiths
  A basilisk (Lair:5)
  3 steam dragons
  3 nagas (Lair:3)
  A warg (Orc:1)
  10 water moccasins
  3 acid dragons
  Duvessa (D:4)
  An orc warrior (Orc:2)
  2 sky beasts
  4 black bears
  An ice beast (D:6)
  5 ogres
  15 wolves
  3 centaurs
  A phantom (D:5)
  5 bullfrogs
  A gnoll sergeant (D:9)
  15 scorpions
  13 wights
  Dowan (D:4)
  21 killer bees
  An electric eel (Lair:3)
  4 howler monkeys (D:10)
  4 centaur zombies (Ossuary)
  4 hounds
  A jelly (D:5)
  A human zombie (Ossuary)
  2 orc priests
  2 gnoll boudas
  5 sleepcaps (D:6)
  3 iguanas
  Ijyb (D:3)
  10 orc wizards
  3 mummies (Ossuary)
  Robin (D:2)
  9 gnolls
  7 adders
  4 shadow imps
  2 white imps
  2 dart slugs
  18 orcs
  9 ball pythons
  5 endoplasms
  5 giant cockroaches
  A gnoll zombie (Ossuary)
  17 goblins
  7 hobgoblins
  2 jackals (D:4)
  2 quokkas
  7 bats
  4 frilled lizards
  6 goblin zombies (Ossuary)
  3 hobgoblin zombies (Ossuary)
  5 kobolds
  2 kobold zombies (Ossuary)
  An orc zombie (Ossuary)
  2 rats
395 creatures vanquished.

Vanquished Creatures (collateral kills)
  A catoblepas (Lair:5)
  A deep troll shaman (Lair:5)
  3 death yaks (Lair:5)
5 creatures vanquished.

Grand Total: 400 creatures vanquished

Notes
Turn   | Place    | Note
-------+----------+-------------------------------------------
     0 | D:1      | Wiggles the Minotaur Berserker began the quest for the Orb.
     0 | D:1      | Reached XP level 1. HP: 19/19 MP: 0/0
    15 | D:1      | Found a faded altar of an unknown god.
    17 | D:1      | Reached skill level 4 in Axes
    70 | D:1      | Reached XP level 2. HP: 23/26 MP: 1/1
   203 | D:1      | Reached ** piety under Trog
   248 | D:1      | Reached skill level 5 in Axes
   480 | D:2      | Reached XP level 3. HP: 27/31 MP: 2/2
   686 | D:2      | Noticed Robin
   692 | D:2      | Killed Robin
   700 | D:2      | Reached XP level 4. HP: 39/39 MP: 3/3
   706 | D:2      | Reached skill level 6 in Axes
  1454 | D:3      | Found a glowing golden altar of the Shining One.
  1766 | D:3      | Noticed Ijyb
  1777 | D:3      | Killed Ijyb
  2181 | D:4      | Noticed Duvessa
  2181 | D:4      | Noticed Dowan
  2186 | D:4      | Killed Duvessa
  2187 | D:4      | Reached skill level 7 in Axes
  2187 | D:4      | Reached XP level 5. HP: 45/45 MP: 4/4
  2195 | D:4      | Killed Dowan
  2196 | D:4      | Reached skill level 8 in Axes
  2228 | D:4      | Noticed a black bear
  2234 | D:4      | Killed a black bear
  2235 | D:4      | Reached XP level 6. HP: 50/51 MP: 5/5
  2343 | D:4      | Found a bloodstained altar of Trog.
  2405 | D:4      | Noticed a sky beast
  2425 | D:4      | Killed a sky beast
  2426 | D:4      | Reached skill level 9 in Axes
  2426 | D:4      | Reached skill level 1 in Stealth
  2867 | D:4      | Reached XP level 7. HP: 43/57 MP: 6/6
  2948 | D:4      | Found a broken altar of Ashenzari.
  2948 | D:4      | Found a blossoming altar of Fedhas.
  2948 | D:4      | Found a shimmering blue altar of Sif Muna.
  3042 | D:5      | Entered Level 5 of the Dungeon
  3052 | D:5      | Reached skill level 10 in Axes
  3450 | D:5      | Reached *** piety under Trog
  3530 | D:5      | Reached skill level 11 in Axes
  3667 | D:5      | Reached XP level 8. HP: 56/64 MP: 7/7
  3911 | D:5      | Found Coxten Rikipp's Self-Improvement Boutique.
  4249 | D:6      | Reached skill level 12 in Axes
  4270 | D:6      | Reached skill level 13 in Axes
  4770 | D:6      | Reached skill level 14 in Axes
  4770 | D:6      | Reached XP level 9. HP: 70/70 MP: 8/8
  4783 | D:6      | Found an iron altar of Okawaru.
  5138 | D:7      | Found a staircase to the Ecumenical Temple.
  5385 | D:7      | Found a sacrificial altar of Ru.
  5422 | D:7      | Reached skill level 15 in Axes
  5751 | D:8      | Reached **** piety under Trog
  5788 | D:8      | Found a sand-covered staircase.
  5817 | Ossuary  | Entered an ossuary
  6091 | Ossuary  | Reached skill level 16 in Axes
  6547 | D:8      | Reached XP level 10. HP: 77/77 MP: 9/9
  6643 | D:8      | Reached skill level 17 in Axes
  6662 | D:8      | Reached ***** piety under Trog
  7322 | D:9      | Noticed Grum
  7330 | D:9      | Reached skill level 18 in Axes
  7333 | D:9      | Killed Grum
  7839 | D:9      | Found a staircase to the Orcish Mines.
  8165 | D:9      | Identified the +1 quarterstaff "Ylaaz" {freeze, rCorr Str-4
                  | Int+3 Dex+3}
  8376 | D:10     | Entered Level 10 of the Dungeon
  8410 | D:10     | Reached skill level 19 in Axes
  8511 | D:10     | Noticed a two-headed ogre
  8518 | D:10     | Killed a two-headed ogre
  8519 | D:10     | Reached XP level 11. HP: 76/82 MP: 10/10
  8586 | D:10     | Found a burning altar of Makhleb.
  8742 | D:10     | Found a staircase to the Lair.
  8884 | D:10     | Found a glowing silver altar of Zin.
  9019 | D:11     | Found a blossoming altar of Fedhas.
  9029 | D:11     | Noticed a two-headed ogre
  9035 | D:11     | Killed a two-headed ogre
  9036 | D:11     | Reached skill level 20 in Axes
  9377 | D:11     | You fall into a shaft and drop 1 floor!
  9561 | D:11     | Noticed a two-headed ogre
  9567 | D:11     | Killed a two-headed ogre
  9761 | D:11     | Found a portal to a secret trove of treasure.
  9961 | D:12     | Noticed a skeletal warrior
  9969 | D:12     | Killed a skeletal warrior
  9970 | D:12     | Reached skill level 21 in Axes
 10100 | D:12     | Noticed a boulder beetle
 10120 | D:12     | Killed a boulder beetle
 10959 | Lair:1   | Entered Level 1 of the Lair of Beasts
 10965 | Lair:1   | Reached skill level 22 in Axes
 10965 | Lair:1   | Reached XP level 12. HP: 89/90 MP: 11/11
 11787 | Lair:2   | Reached ****** piety under Trog
 11913 | Lair:2   | Reached skill level 23 in Axes
 12889 | Lair:3   | Found a staircase to the Shoals.
 13270 | Lair:3   | Found a staircase to the Snake Pit.
 13782 | Lair:4   | Reached skill level 24 in Axes
 14087 | Lair:4   | Found a staircase to the Slime Pits.
 14368 | Lair:4   | Identified the +9 mace of Perfectionism {drain, rElec Str+3
                  | Stlth+}
 14435 | Lair:4   | Reached XP level 13. HP: 83/95 MP: 12/12
 14460 | Lair:4   | Received a gift from Trog
 14894 | Lair:5   | Entered Level 5 of the Lair of Beasts
 15174 | Lair:5   | Reached skill level 25 in Axes
 15240 | Lair:5   | Reached skill level 5 in Stealth
 15452 | Lair:5   | Identified the ring "Lill" {rPois Str+5 Dex+3}
 15597 | Lair:5   | Reached skill level 1 in Evocations
 15952 | Lair:5   | Found a hazy altar of Hepliaklqana.
 15989 | Lair:5   | Reached skill level 26 in Axes
 16486 | Orc:1    | Entered Level 1 of the Orcish Mines
 16486 | Orc:1    | Noticed Urug
 16487 | Orc:1    | Killed Urug
 16609 | Orc:2    | Entered Level 2 of the Orcish Mines
 17000 | Orc:2    | Reached XP level 14. HP: 87/103 MP: 13/13
 17001 | Orc:2    | Paralysed by an orc sorcerer for 5 turns
 17008 | Orc:2    | Slain by a soul eater

Illustrated notes

Levels and vault maps discovered:
D:1:      lemuel_arrival_hallway, layout_rooms, dreamdust_ecumenical_altar_grove
D:2:      layout_loops_cross, uniq_robin
D:3:      layout_loops_corners, nicolae_tso_carved_into_rock, uniq_ijyb
D:4:      layout_loops_ring, mainiacjoe_overflow_chevrons,
          grunt_temple_overflow_open, minmay_misc_feat_x, chequers_avenue,
          kennysheep_generic_room_9, uniq_duvessa
D:5:      layout_layer_cave, nicolae_shop_self_help
D:6:      layout_basic, marbit_many_paths, st_stairs_9, hellmonk_no_cap
D:7:      layout_rooms, nicolae_ru_awakened_eye, minmay_temple_entry_waves
D:8:      layout_loops_ring, nicolae_ossuary_entry_false_entrances
D:9:      layout_basic, orc_0_dummy, serial_rivers,
          chequers_serial_rivers_micro_d, chequers_serial_rivers_small_3,
          chequers_serial_rivers_room_a, chequers_serial_rivers_small_3,
          chequers_serial_rivers_micro_b, chequers_serial_rivers_micro_a,
          uniq_grum
D:10:     layout_cave_pools, nicolae_overflow_crystal_walls,
          mainiacjoe_overflow_alcove_2, dpeg_oklobed_lair
D:11:     layout_gridville, nicolae_trove_entry_path_of_doom,
          fedhas_ov_isle_minmay
D:12:     layout_loops_ring, st_stairs_10, bh_walls_and_bars
Lair:1:   layout_hall_layers, lemuel_fruit_tree
Lair:2:   hellmonk_destroyed_diamonds, layout_loops_ring
Lair:3:   layout_cellular_growth, minmay_shoals_entry_hut,
          nicolae_snake_entry_squirm, serial_bayou_crossing
Lair:4:   beast_lair_carwin_large_3, layout_loops_ring, slime_entry_1,
          serial_bayou_shore_b
Lair:5:   grunt_lair_end_beastmaster, layout_layer_cave, basic_altar,
          fungi_pond_lemuel, grunt_megastairs_1
Orc:1:    layout_caves, uniq_urug
Orc:2:    grunt_orc_gardens, layout_caves, grunt_orc_garden, grunt_orc_garden,
          grunt_orc_garden, grunt_orc_garden

Skill      XL: |  1  2  3  4  5  6  7  8  9 10 11 12 13 |
---------------+----------------------------------------+-----
Axes           | 4 5 7 8 9 11 14 16 19 22 24 26 | 26.3
Stealth        | 1 2 3 4 6 |  6.5
Evocations     | 1 |  1.3
Fighting       | |  3.8
Armour         | |  2.6
Dodging        | |  2.1

Action                     |  1- 3 |  4- 6 |  7- 9 | 10-12 | 13-15 || total
---------------------------+-------+-------+-------+-------+-------++-------
  Melee: Hand axe          |    53 |       |       |       |       ||    53
         Headbutt          |     8 |    11 |    47 |    61 |    35 ||   162
         Punch             |     3 |       |     4 |       |       ||     7
         War axe           |    10 |    93 |   247 |    13 |       ||   363
         Battleaxe         |       |       |       |   337 |   143 ||   480
 Invoke: Berserk           |     1 |     2 |     2 |     3 |     3 ||    11
         Brothers in Arms  |       |       |       |       |     1 ||     1
  Evoke: Wand              |       |       |       |     2 |       ||     2
    Use: Scroll            |       |       |       |    32 |     5 ||    37
         Potion            |       |       |       |     1 |       ||     1
   Stab: Petrified         |       |       |       |       |     6 ||     6
         Sleeping          |       |       |       |       |     3 ||     3
 Armour: Animal skin       |     1 |       |       |       |       ||     1
         Leather armour    |    19 |    12 |       |       |       ||    31
         Ring mail         |       |    40 |   131 |   236 |   145 ||   552
  Dodge: Dodged            |    36 |    55 |   134 |   214 |   102 ||   541
